[ AOE2 MATCH · #458476054 ]
Team RMMalians vs Huns
[ REPLAY ANALYSIS · EXTRACTED FROM THE RECORDED GAME ]
Feudal
12:38
Castle
—
Imperial
—
| APM avg | 4.5 |
| APM peak | 32 |
| eAPM avg | 2.5 |
| Villagers / military | 30 / 2 |
Focus
⚔️ 5.1% · 🌾 94.9%
Transport Ship ×1 · Fishing Ship ×1 · Unknown (2626) ×1 · Galley ×1
Feudal
11:16
Castle
27:43
Imperial
—
| APM avg | 22.5 |
| APM peak | 115 |
| eAPM avg | 5.5 |
| Villagers / military | 21 / 45 |
Focus
⚔️ 32.7% · 🌾 67.3%
Scout Cavalry ×28 · Knight ×17 · Fishing Ship ×4
Feudal
11:14
Castle
17:18
Imperial
26:47
| APM avg | 18.5 |
| APM peak | 33 |
| eAPM avg | 12.4 |
| Villagers / military | 76 / 60 |
Focus
⚔️ 39.0% · 🌾 61.0%
Unknown (882) ×64 · Genoese Crossbowman ×23 · Fishing Ship ×13 · Fire Galley ×13 · Trebuchet (Packed) ×9 · Demolition Raft ×8
Feudal
13:12
Castle
22:35
Imperial
—
| APM avg | 12.6 |
| APM peak | 50 |
| eAPM avg | 8.8 |
| Villagers / military | 81 / 178 |
Focus
⚔️ 25.7% · 🌾 74.3%
Longboat ×70 · Militia ×45 · Berserk ×39 · Fishing Ship ×19 · Skirmisher ×15 · Fire Galley ×8
Match map
Initial resources + every placement click. Lines = walls · curves = elevation contours. ◆ gold · ⬟ stone · ● berries · ✦ relic · ◌ wall gap
Your base· ✓ Map-separated
alinme's base· ✓ Map-separated
Khufu_II's base· ✓ Map-separated
Lothcaramon's base· ✓ Map-separated
Smoothed initial terrain · ◌ = detected wall gap · hover for details
Inputs per minute
— Ongo - - alinme
Build order — Ongo
58 actions detected in the replay
| 0:03 | Build | House |
| 0:06 | Build | House |
| 0:11 | Create | Villager (Male) ×4 |
| 1:35 | Create | Villager (Male) |
| 2:06 | Build | Lumber Camp |
| 2:09 | Create | Villager (Male) |
| 2:51 | Create | Villager (Male) |
| 2:51 | Create | Villager (Male) |
| 3:13 | Create | Villager (Male) |
| 3:28 | Create | Villager (Male) |
| 3:44 | Build | House |
| 3:48 | Create | Villager (Male) |
| 4:04 | Build | Mill |
| 4:07 | Create | Villager (Male) |
| 4:21 | Build | House |
| 4:23 | Build | House |
| 4:36 | Create | Villager (Male) |
| 5:08 | Research | Loom |
| 5:21 | Create | Villager (Male) |
| 5:34 | Build | Mining Camp |
| 5:58 | Create | Villager (Male) |
| 6:22 | Create | Villager (Male) |
| 6:23 | Create | Villager (Male) |
| 6:44 | Create | Villager (Male) |
| 6:45 | Create | Villager (Male) |
| 7:32 | Create | Villager (Male) |
| 7:48 | Build | Dock |
| 8:43 | Create | Villager (Male) |
| 8:44 | Create | Villager (Male) |
| 8:49 | Build | Mining Camp |
| 9:06 | Create | Transport Ship |
| 9:12 | Create | Villager (Male) |
| 9:15 | Create | Villager (Male) |
| 9:19 | Build | House |
| 9:21 | Build | House |
| 9:23 | Build | House |
| 9:24 | Build | House |
| 9:54 | Create | Fishing Ship |
| 10:28 | Research | Feudal Age |
| 10:48 | Build | Farm |
| 10:50 | Build | Farm |
| 11:08 | Build | Farm |
| 11:30 | Create | Villager (Male) ×3 |
| 11:52 | Create | Villager (Male) |
| 11:53 | Create | Villager (Male) |
| 12:38 | Age | Feudal Age |
| 12:40 | Research | Double-Bit Axe |
| 12:43 | Research | Horse Collar |
| 12:43 | Research | Horse Collar |
| 12:52 | Build | Blacksmith |
| 13:08 | Create | Unit 2626 |
| 13:15 | Create | Galley |
| 14:05 | Build | Market |
| 14:32 | Build | Farm |
| 14:33 | Build | Farm |
| 14:42 | Create | Villager (Male) |
| 14:47 | Build | Farm |
| 14:54 | Build | Farm |
Build order — alinme
130 actions detected in the replay
| 0:56 | Create | Villager (Male) |
| 0:57 | Create | Villager (Male) |
| 0:58 | Create | Villager (Male) |
| 3:08 | Create | Villager (Male) |
| 3:09 | Create | Villager (Male) |
| 4:45 | Create | Villager (Male) |
| 4:45 | Create | Villager (Male) |
| 4:47 | Create | Villager (Male) |
| 6:21 | Build | Mill |
| 7:51 | Research | Loom |
| 7:51 | Research | Loom |
| 8:20 | Build | Lumber Camp |
| 9:06 | Research | Feudal Age |
| 9:20 | Create | Villager (Male) |
| 9:21 | Create | Villager (Male) |
| 9:21 | Create | Villager (Male) |
| 11:16 | Age | Feudal Age |
| 12:04 | Build | Mining Camp |
| 12:14 | Create | Villager (Male) |
| 12:14 | Create | Villager (Male) |
| 12:53 | Research | Double-Bit Axe |
| 13:32 | Build | Dock |
| 13:53 | Research | Horse Collar |
| 14:51 | Create | Fishing Ship |
| 14:59 | Create | Fishing Ship |
| 15:10 | Create | Villager (Male) |
| 15:11 | Create | Villager (Male) |
| 15:11 | Create | Villager (Male) |
| 15:54 | Build | Farm |
| 16:05 | Build | Farm |
| 16:37 | Build | Farm |
| 17:06 | Build | Mining Camp |
| 17:52 | Build | Farm |
| 18:05 | Build | Watch Tower |
| 18:19 | Build | Watch Tower |
| 18:57 | Create | Villager (Male) |
| 18:57 | Create | Villager (Male) |
| 18:57 | Create | Villager (Male) |
| 19:55 | Create | Fishing Ship |
| 19:55 | Create | Fishing Ship |
| 20:19 | Build | Farm |
| 20:21 | Build | Farm |
| 20:23 | Build | Farm |
| 21:16 | Create | Villager (Male) |
| 21:16 | Create | Villager (Male) |
| 21:23 | Research | Wheelbarrow |
| 22:27 | Build | Blacksmith |
| 23:55 | Build | Market |
| 25:03 | Research | Castle Age |
| 25:14 | Build | Barracks |
| 26:44 | Build | Watch Tower |
| 26:45 | Build | Watch Tower |
| 27:27 | Build | Stable |
| 27:43 | Age | Castle Age |
| 28:18 | Create | Knight |
| 28:18 | Create | Knight |
| 28:19 | Create | Knight |
| 28:19 | Create | Knight |
| 28:19 | Create | Knight |
| 28:20 | Create | Knight |
| 28:20 | Create | Knight |
| 28:20 | Create | Knight |
| 28:21 | Create | Knight |
| 28:21 | Create | Knight |
| 28:37 | Build | Lumber Camp |
| 29:47 | Create | Knight |
| 29:47 | Create | Knight |
| 29:47 | Create | Knight |
| 29:48 | Create | Knight |
| 29:48 | Create | Knight |
| 30:33 | Create | Scout Cavalry |
| 30:33 | Create | Scout Cavalry |
| 30:33 | Create | Scout Cavalry |
| 30:34 | Create | Scout Cavalry |
| 30:34 | Create | Scout Cavalry |
| 31:53 | Build | Stable |
| 31:55 | Build | Stable |
| 34:26 | Build | Mill |
| 35:41 | Build | Farm |
| 35:43 | Build | Farm |
| 35:46 | Build | Farm |
| 35:48 | Build | Farm |
| 35:49 | Build | Farm |
| 35:51 | Build | Farm |
| 35:54 | Build | Farm |
| 36:16 | Build | Stable |
| 36:47 | Create | Knight |
| 36:48 | Create | Knight |
| 37:20 | Create | Scout Cavalry |
| 37:21 | Create | Scout Cavalry |
| 37:21 | Create | Scout Cavalry |
| 37:21 | Create | Scout Cavalry |
| 37:21 | Create | Scout Cavalry |
| 37:22 | Create | Scout Cavalry |
| 37:22 | Create | Scout Cavalry |
| 37:22 | Create | Scout Cavalry |
| 37:23 | Create | Scout Cavalry |
| 38:16 | Build | Stable |
| 38:18 | Build | Stable |
| 38:21 | Build | Stable |
| 39:11 | Build | Mining Camp |
| 40:59 | Create | Scout Cavalry |
| 40:59 | Create | Scout Cavalry |
| 40:59 | Create | Scout Cavalry |
| 41:00 | Create | Scout Cavalry |
| 41:00 | Create | Scout Cavalry |
| 41:00 | Create | Scout Cavalry |
| 41:01 | Create | Scout Cavalry |
| 41:01 | Create | Scout Cavalry |
| 41:01 | Create | Scout Cavalry |
| 43:01 | Create | Scout Cavalry |
| 43:01 | Create | Scout Cavalry |
| 43:01 | Create | Scout Cavalry |
| 43:01 | Create | Scout Cavalry |
| 43:02 | Create | Scout Cavalry |
| 43:20 | Build | Mill |
| 43:20 | Build | Mill |
| 43:21 | Build | Mill |
| 43:22 | Build | Mill |
| 43:23 | Build | Mill |
| 43:24 | Build | Mill |
| 43:24 | Build | Mill |
| 43:25 | Build | Mill |
| 43:25 | Build | Mill |
| 43:25 | Build | Mill |
| 43:26 | Build | Mill |
| 43:26 | Build | Mill |
| 43:27 | Build | Mill |
| 45:04 | Build | Outpost |
| 46:38 | Build | Fish Trap |
Build order — Khufu_II
First 150 of 339 actions detected
| 0:03 | Create | Villager (Male) |
| 0:03 | Create | Villager (Male) |
| 0:04 | Create | Villager (Male) |
| 0:04 | Create | Villager (Male) |
| 0:04 | Create | Villager (Male) |
| 0:07 | Build | House |
| 0:09 | Build | House |
| 1:27 | Create | Villager (Male) |
| 1:47 | Build | Lumber Camp |
| 2:04 | Create | Villager (Male) |
| 2:23 | Create | Villager (Male) |
| 2:53 | Create | Villager (Male) |
| 3:20 | Create | Villager (Male) |
| 3:51 | Create | Villager (Male) |
| 4:21 | Create | Villager (Male) |
| 4:24 | Build | House |
| 4:28 | Build | Lumber Camp |
| 4:48 | Create | Villager (Male) |
| 5:16 | Create | Villager (Male) |
| 5:43 | Build | Dock |
| 5:55 | Create | Villager (Male) |
| 6:24 | Create | Villager (Male) |
| 6:34 | Create | Fishing Ship |
| 6:53 | Create | Villager (Male) |
| 6:58 | Build | House |
| 7:14 | Research | Loom |
| 7:15 | Create | Villager (Male) |
| 7:19 | Create | Fishing Ship |
| 7:27 | Build | Mill |
| 7:41 | Create | Villager (Male) |
| 7:53 | Build | Mill |
| 8:12 | Create | Fishing Ship |
| 8:33 | Create | Villager (Male) |
| 9:00 | Build | Mining Camp |
| 9:04 | Research | Feudal Age |
| 9:08 | Build | House |
| 9:09 | Build | House |
| 9:10 | Build | House |
| 9:38 | Create | Fishing Ship |
| 10:25 | Create | Fishing Ship |
| 10:42 | Build | Dock |
| 11:14 | Age | Feudal Age |
| 11:17 | Create | Villager (Male) |
| 11:17 | Create | Villager (Male) |
| 11:35 | Build | Watch Tower |
| 11:45 | Build | Blacksmith |
| 11:57 | Build | House |
| 12:08 | Create | Villager (Male) |
| 12:09 | Create | Villager (Male) |
| 12:32 | Create | Demolition Raft |
| 12:39 | Create | Fishing Ship |
| 12:41 | Create | Fishing Ship |
| 12:44 | Create | Villager (Male) |
| 12:58 | Build | House |
| 13:05 | Create | Villager (Male) |
| 13:19 | Create | Villager (Male) |
| 13:44 | Build | Market |
| 13:47 | Create | Villager (Male) |
| 14:06 | Build | Mining Camp |
| 14:33 | Research | Castle Age |
| 14:41 | Create | Fire Galley |
| 14:41 | Create | Fire Galley |
| 14:50 | Research | Fletching |
| 15:19 | Create | Fire Galley |
| 15:29 | Research | Double-Bit Axe |
| 15:31 | Research | Horse Collar |
| 16:04 | Create | Transport Ship |
| 16:19 | Create | Villager (Male) |
| 16:19 | Create | Villager (Male) |
| 16:37 | Build | Lumber Camp |
| 16:48 | Create | Demolition Raft |
| 16:54 | Create | Fishing Ship |
| 16:55 | Create | Fishing Ship |
| 17:03 | Build | Dock |
| 17:18 | Age | Castle Age |
| 17:56 | Create | Villager (Male) |
| 18:05 | Build | Monastery |
| 18:20 | Research | War Galley (upgrade) |
| 18:21 | Create | Fire Galley |
| 18:43 | Create | Villager (Male) |
| 18:43 | Create | Villager (Male) |
| 18:46 | Create | Monk |
| 18:55 | Build | Town Center |
| 19:05 | Create | Fire Galley |
| 19:10 | Create | Villager (Male) |
| 19:19 | Build | House |
| 19:42 | Build | House |
| 20:08 | Build | Monastery |
| 20:12 | Create | Villager (Male) |
| 20:12 | Create | Villager (Male) |
| 20:39 | Create | Villager (Male) |
| 20:39 | Create | Villager (Male) |
| 20:47 | Create | Monk |
| 21:33 | Create | Villager (Male) |
| 21:36 | Create | Villager (Male) |
| 21:36 | Create | Villager (Male) |
| 22:09 | Create | Villager (Male) |
| 22:09 | Create | Villager (Male) |
| 22:30 | Build | Siege Workshop |
| 22:43 | Create | Fire Galley |
| 22:44 | Create | Fire Galley |
| 22:47 | Create | Villager (Male) |
| 22:47 | Create | Villager (Male) |
| 23:00 | Research | Imperial Age |
| 23:35 | Create | Villager (Male) |
| 23:35 | Create | Villager (Male) |
| 23:39 | Build | House |
| 24:02 | Create | Unit 2626 |
| 24:03 | Create | Unit 2626 |
| 24:04 | Create | Unit 2626 |
| 24:04 | Create | Unit 2626 |
| 24:13 | Create | Unit 2626 |
| 24:13 | Create | Unit 2626 |
| 24:21 | Create | Mangonel |
| 24:21 | Create | Mangonel |
| 24:45 | Build | Castle |
| 24:53 | Create | Villager (Male) |
| 24:53 | Create | Villager (Male) |
| 25:07 | Build | House |
| 25:25 | Build | House |
| 25:47 | Create | Unit 2626 |
| 25:48 | Create | Unit 2626 |
| 26:00 | Create | Villager (Male) |
| 26:00 | Create | Villager (Male) |
| 26:33 | Research | Tech 906 |
| 26:40 | Create | Fishing Ship |
| 26:40 | Create | Fishing Ship |
| 26:47 | Age | Imperial Age |
| 26:51 | Create | Trebuchet (Packed) |
| 26:52 | Create | Trebuchet (Packed) |
| 26:58 | Build | Barracks |
| 27:09 | Create | Villager (Male) |
| 27:10 | Create | Villager (Male) |
| 27:24 | Create | Demolition Raft |
| 27:25 | Create | Demolition Raft |
| 27:31 | Create | Fishing Ship |
| 27:31 | Create | Fishing Ship |
| 27:32 | Research | Gillnets |
| 27:38 | Research | Galleon (upgrade) |
| 28:04 | Create | Unit 882 |
| 28:04 | Create | Unit 882 |
| 28:05 | Create | Unit 882 |
| 28:05 | Create | Unit 882 |
| 28:05 | Create | Unit 882 |
| 28:20 | Build | Mining Camp |
| 28:27 | Build | Barracks |
| 28:58 | Create | Villager (Male) |
| 29:04 | Create | Villager (Male) |
| 29:11 | Build | Farm |
| 29:14 | Build | Farm |
Build order — Lothcaramon
First 150 of 190 actions detected
| 0:03 | Build | House |
| 0:05 | Build | House |
| 0:07 | Create | Villager (Male) ×4 |
| 1:29 | Create | Villager (Male) |
| 2:13 | Create | Villager (Male) |
| 2:33 | Create | Villager (Male) |
| 3:04 | Create | Villager (Male) |
| 3:34 | Create | Villager (Male) |
| 5:24 | Build | Lumber Camp |
| 5:37 | Create | Villager (Male) ×5 |
| 5:58 | Build | Dock |
| 6:33 | Build | House |
| 6:54 | Build | House |
| 6:55 | Create | Fishing Ship ×2 |
| 8:15 | Create | Villager (Male) |
| 8:16 | Create | Villager (Male) |
| 8:21 | Create | Fishing Ship |
| 8:53 | Create | Villager (Male) |
| 8:53 | Create | Villager (Male) |
| 9:01 | Create | Villager (Male) |
| 9:02 | Create | Villager (Male) |
| 9:34 | Build | Dock |
| 10:11 | Build | Mill |
| 10:47 | Build | Lumber Camp |
| 11:02 | Research | Feudal Age |
| 11:22 | Build | Mining Camp |
| 11:51 | Build | House |
| 13:10 | Build | Dock |
| 13:12 | Age | Feudal Age |
| 13:17 | Create | Fire Galley |
| 13:17 | Create | Fire Galley |
| 13:21 | Create | Fire Galley |
| 13:32 | Create | Fire Galley |
| 13:42 | Create | Villager (Male) ×5 |
| 13:58 | Build | Lumber Camp |
| 14:23 | Create | Fishing Ship |
| 14:31 | Build | House |
| 14:36 | Build | House |
| 14:42 | Build | House |
| 14:48 | Build | House |
| 15:26 | Create | Fishing Ship |
| 15:27 | Create | Fishing Ship |
| 15:28 | Create | Fishing Ship |
| 15:59 | Research | Tech 906 |
| 16:30 | Create | Fishing Ship |
| 16:33 | Create | Fishing Ship |
| 17:08 | Create | Fire Galley ×4 |
| 17:45 | Research | Loom |
| 18:02 | Build | Blacksmith |
| 18:16 | Build | Market |
| 18:37 | Research | Double-Bit Axe |
| 18:43 | Research | Gold Mining |
| 19:02 | Create | Fishing Ship ×2 |
| 19:55 | Research | Castle Age |
| 19:59 | Create | Fishing Ship |
| 20:02 | Create | Fishing Ship |
| 20:07 | Create | Fishing Ship |
| 20:57 | Build | House |
| 21:02 | Build | House |
| 21:08 | Build | House |
| 21:16 | Build | House |
| 22:27 | Create | Fishing Ship ×5 |
| 22:35 | Age | Castle Age |
| 22:38 | Create | Villager (Male) ×5 |
| 22:51 | Build | Town Center |
| 23:04 | Build | Town Center |
| 23:18 | Create | Longboat ×4 |
| 24:31 | Create | Villager (Male) ×5 |
| 24:38 | Create | Villager (Male) ×5 |
| 25:04 | Create | Longboat ×5 |
| 25:04 | Create | Longboat ×5 |
| 25:04 | Create | Longboat |
| 25:58 | Create | Longboat ×5 |
| 26:11 | Create | Villager (Male) ×5 |
| 26:34 | Create | Longboat ×4 |
| 27:10 | Build | House |
| 27:15 | Build | House |
| 27:23 | Build | House |
| 27:28 | Create | Villager (Male) ×5 |
| 27:53 | Research | Fletching |
| 29:04 | Create | Villager (Male) ×5 |
| 29:08 | Build | Farm |
| 29:08 | Build | Farm |
| 29:08 | Build | Farm |
| 29:09 | Build | Farm |
| 29:14 | Build | Farm |
| 29:21 | Create | Villager (Male) ×5 |
| 29:36 | Build | Barracks |
| 30:25 | Create | Longboat ×5 |
| 30:44 | Build | Barracks |
| 30:46 | Research | Man-at-Arms (upgrade) |
| 30:54 | Research | Squires |
| 31:02 | Build | Barracks |
| 31:13 | Create | Militia ×5 |
| 31:21 | Create | Militia ×5 |
| 31:50 | Research | Long Swordsman (upgrade) |
| 31:55 | Research | Gambesons |
| 31:57 | Create | Militia ×5 |
| 32:07 | Build | House |
| 32:09 | Build | House |
| 32:11 | Build | House |
| 32:13 | Build | House |
| 32:21 | Research | Forging |
| 33:01 | Create | Villager (Male) |
| 33:18 | Research | Iron Casting |
| 33:18 | Research | Bodkin Arrow |
| 35:37 | Create | Militia ×5 |
| 35:44 | Build | Castle |
| 35:55 | Create | Militia ×5 |
| 36:01 | Research | Scale Mail Armor |
| 36:02 | Research | Padded Archer Armor |
| 36:16 | Create | Villager (Male) ×5 |
| 36:33 | Build | Monastery |
| 36:39 | Build | University |
| 36:57 | Create | Villager (Male) ×5 |
| 37:07 | Create | Villager (Male) ×5 |
| 37:16 | Build | Mining Camp |
| 37:30 | Create | Monk |
| 37:41 | Build | Mining Camp |
| 37:54 | Build | Farm |
| 37:54 | Build | Farm |
| 37:54 | Build | Farm |
| 37:54 | Build | Farm |
| 38:04 | Research | Careening |
| 38:08 | Research | Ballistics |
| 38:56 | Create | Longboat ×5 |
| 38:56 | Create | Longboat ×5 |
| 38:56 | Create | Longboat ×5 |
| 38:57 | Create | Longboat ×5 |
| 38:57 | Create | Longboat ×3 |
| 38:57 | Create | Longboat |
| 39:03 | Create | Longboat ×2 |
| 39:11 | Research | Horse Collar |
| 40:22 | Build | Archery Range |
| 40:23 | Build | Archery Range |
| 40:26 | Build | Archery Range |
| 40:39 | Create | Berserk ×5 |
| 40:39 | Create | Berserk ×5 |
| 40:39 | Create | Berserk ×5 |
| 40:40 | Create | Berserk ×5 |
| 40:50 | Create | Longboat ×5 |
| 40:50 | Create | Longboat ×5 |
| 40:54 | Create | Villager (Male) ×5 |
| 41:22 | Build | Castle |
| 42:01 | Build | House |
| 42:01 | Build | House |
| 42:03 | Build | House |
| 42:18 | Create | Militia ×5 |
| 42:18 | Create | Militia ×5 |
| 42:19 | Create | Militia ×5 |
Match timeline
| 5:43 | Khufu_II · first_building Dock |
| 5:58 | Lothcaramon · first_building Dock |
| 7:48 | Ongo · first_building Dock |
| 11:14 | Khufu_II · age_up feudal |
| 11:16 | alinme · age_up feudal |
| 12:38 | Ongo · age_up feudal |
| 13:12 | Lothcaramon · age_up feudal |
| 13:32 | alinme · first_building Dock |
| 17:01 | Ongo · resign |
| 17:18 | Khufu_II · age_up castle |
| 18:05 | Khufu_II · first_building Monastery |
| 22:30 | Khufu_II · first_building Siege Workshop |
| 22:35 | Lothcaramon · age_up castle |
| 24:45 | Khufu_II · first_building Castle |
| 25:14 | alinme · first_building Barracks |
| 26:47 | Khufu_II · age_up imperial |
| 26:58 | Khufu_II · first_building Barracks |
| 27:27 | alinme · first_building Stable |
| 27:43 | alinme · age_up castle |
| 29:36 | Lothcaramon · first_building Barracks |
| 35:44 | Lothcaramon · first_building Castle |
| 36:33 | Lothcaramon · first_building Monastery |
| 40:22 | Lothcaramon · first_building Archery Range |
[ AI ANALYSIS · 1 CREDIT ]
What really happened in this match?
Wolo.gg analyzes every decision: build order, eco, micro, common mistakes by bracket. Personalized analysis on WhatsApp or Discord in 30 seconds.
Civ guide
Malians
Map guide
Team Islands
Perfil
Jugador #6762467